 Dungeon Crawl Stone Soup version 0.30-a0-1157-g2cc9ac7196 (webtiles) character file.

Game seed: 9723040803097686355

483 xian the Covered (level 7, -9/44 HPs)
             Began as a Gargoyle Fighter on Apr 25, 2023.
             Was an Elder of Cheibriados.
             Killed by divine providence
             ... invoked by an orc priest
              (14 damage)
             ... on level 5 of the Dungeon.
             The game lasted 00:10:48 (3216 turns).

xian the Covered (Gargoyle Fighter)                 Turns: 3216, Time: 00:10:49

Health: -9/44      AC: 12    Str: 30    XL:     7   Next: 12%
Magic:  0/2        EV: 12    Int: 18    God:    Cheibriados [****..]
Gold:   159        SH:  0    Dex: 18    Spells: 6/6 levels left

rFire   . . .        d - +0 scythe (antimagic)
rCold   . . .        (shield currently unavailable)
rNeg    + . .        q - +3 leather armour "Ishiri" {rCorr}
rPois   ∞            (helmet restricted)
rElec   +            w - +0 cloak
rCorr   +            (no gloves)
SInv    .            (no boots)
Will    .....        x - amulet of guardian spirit
Stlth   ++           u - ring of flight
HPRegen 0.27/turn    (no ring)
MPRegen 0.08/turn

%: guardian spirit
@: flying, unable to drink, very slow
A: sickness immunity, AC +4, negative energy resistance 1, electricity
resistance, torment resistance 1, petrification resistance, antennae 1,
inability to drink after injury 1
a: Renounce Religion, Bend Time, Temporal Distortion, Slouch


You were on level 5 of the Dungeon.
You worshipped Cheibriados.
Cheibriados was greatly pleased with you.
You visited 1 branch of the dungeon, and saw 5 of its levels.

You collected 159 gold pieces.

Inventory:

Hand Weapons
 d - a +0 antimagic scythe (weapon)
Missiles
 b - 8 poisoned darts
 i - 16 stones (quivered)
 t - 2 boomerangs
Armour
 a - the +1 helmet of Adenuf {Fly rF- rC- Regen+}
   (You took it off Robin on level 3 of the Dungeon)

   rF:        It makes you vulnerable to fire.
   rC:        It makes you vulnerable to cold.
   Fly:       It grants you flight.
   Regen:     It increases your rate of health regeneration.
 c - a +0 buckler
 q - the +3 leather armour "Ishiri" (worn) {rCorr}
   (You found it on level 3 of the Dungeon)

   rCorr:     It protects you from acid and corrosion.
 w - a +0 cloak (worn)
Magical Staves
 h - a staff of fire
Jewellery
 u - a ring of flight (left hand)
 x - an amulet of guardian spirit (around neck)
Wands
 p - a wand of flame (6)
 v - a wand of polymorph (13)
 y - a wand of charming (14)
Scrolls
 e - a scroll of vulnerability {unknown}
 g - a scroll of summoning {unknown}
 j - a scroll of magic mapping
 l - a scroll of fog
 m - 2 scrolls of identify {unknown}
 n - 2 scrolls of noise {unknown}
 o - a scroll of immolation {unknown}
 r - a scroll of blinking {unknown}
Potions
 k - 4 potions of curing
 s - 2 potions of mutation
 z - 2 potions of flight {unknown}
 A - 2 potions of lignification {unknown}


   Skills:
 + Level 4.4 Fighting
 + Level 4.3 Maces & Flails
 + Level 2.4 Polearms
 + Level 0.5 Throwing
 + Level 4.5 Armour
 + Level 1.6 Dodging
 + Level 1.1 Stealth
 + Level 3.8 Shields


You had 6 spell levels left.
You didn't know any spells.
Your spell library contained the following spells:

 Spells                   Type           Power      Damage    Failure   Level
 Beastly Appendage        Tmut           0%         N/A       24%         1
 Sting                    Tmut/Pois      0%         1d3       24%         1
 Poisonous Vapours        Pois/Air       0%         N/A       36%         2
 Wereblood                Tmut           0%         N/A       36%         2
 Spider Form              Tmut/Pois      0%         N/A       58%         3
 Summon Guardian Golem    Hex/Summ       0%         N/A       58%         3
 Manifold Assault         Tloc           0%         N/A       94%         4
 Olgreb's Toxic Radiance  Pois           0%         N/A       94%         4
 Summon Ice Beast         Ice/Summ       0%         N/A       94%         4
 Summon Mana Viper        Hex/Summ       0%         N/A       100%        5
 Dispersal                Tloc           0%         N/A       100%        6
 Monstrous Menagerie      Summ           0%         N/A       100%        7
 Orb of Destruction       Conj           0%         9d5       100%        7
 Spellforged Servitor     Conj/Summ      0%         N/A       100%        7
 Disjunction              Tloc           0%         N/A       100%        8


Dungeon Overview and Level Annotations

Branches:
Dungeon (5/15)             Temple (0/1) D:5

Altars:
Cheibriados
Yredelemnul


Innate Abilities, Weirdness & Mutations

You are immune to sickness and miasma.
Your stone body is resilient. (AC +4)
You are immune to poison.
You resist negative energy. (rN+)
You are resistant to electric shocks. (rElec)
You are resistant to unholy torment.
You are immune to petrification.
You have a pair of small antennae on your head.
You occasionally lose the ability to drink potions when taking damage.


Message History

* * * LOW HITPOINT WARNING * * *
You hit the orc warrior.
The orc warrior is moderately wounded.
The orc warrior hits you with a +0 mace.
You feel threatened and lose the ability to drink potions!
* * * LOW HITPOINT WARNING * * *
The orc warrior hits you but does no damage.
You barely miss the orc warrior.
The orc warrior is moderately wounded.
The orc warrior hits you but does no damage.
You barely miss the orc warrior.
The orc warrior is moderately wounded.
The orc warrior hits you with a +0 mace.
* * * LOW HITPOINT WARNING * * *
The orc warrior closely misses you.
The orc priest shouts!
You puncture the orc warrior!
The orc warrior is almost dead.
You can drink potions again.
The orc warrior hits you with a +0 mace.
* * * LOW HITPOINT WARNING * * *
You puncture the orc warrior!
You kill the orc warrior!
Cheibriados thoroughly appreciates the change of pace.
Your Polearms skill increases to level 2!
Your Stealth skill increases to level 1!
You have reached level 7!
You puncture the orc priest!
The orc priest is severely wounded.
The orc priest completely misses you.
The orc priest hits you but does no damage.
You closely miss the orc priest.
The orc priest is severely wounded.
The orc priest barely misses you.
You barely miss the orc priest.
The orc priest is severely wounded.
The orc priest calls down the wrath of Beogh upon you.
Beogh smites you!
You feel threatened and lose the ability to drink potions!
You die...

#,* ##...# #.#****#o...#
######### #...,,*#.§..# #.......#
***#....,*#o§§.# #.#####.#
*,,.....w##§§..###.#####.#######*
*,,.....o§§§§w..................,
*,,.....§##§§§.#.....###.#######*
*,,.....,*#§§§.#o#....##.#
***#...,,*#...{#@#.#...#.# ******
***#.#****####.#.#.#...#.# *,,,,,
,,>.,,,,* #.#.#.#...#.# *,,,,,
**,*,**,* #.#.#.#####.# *,,,,,
**,*,**,* #.#<#..,,,..# *,,,,,
**,*,**,* *,#####****** ****,,
**,*,**,* **,*,,,,,<,,,* *,*
**,*,**,* *,,,,*******,* *,*
**,,,,,,*****,,,,*,,,,,,,* **,,


You could see an orc priest.

Vanquished Creatures
  Sigmund (D:3)
  An orc warrior (D:5)
  A scorpion zombie (D:4)
  A hound zombie (D:4)
  Robin (D:3)
  4 gnolls (D:4)
  5 adders
  2 adder zombies (D:4)
  A worm (D:3)
  2 dart slugs (D:4)
  3 orcs
  5 bats
  5 endoplasms
  4 giant cockroaches
  13 goblins
  11 hobgoblins
  2 quokkas
  11 ball pythons
  6 frilled lizards
  8 kobolds
  A quokka zombie (D:4)
  2 rats
90 creatures vanquished.

Notes
Turn   | Place    | Note
-------+----------+-------------------------------------------
     0 | D:1      | xian the Gargoyle Fighter began the quest for the Orb.
     0 | D:1      | Reached XP level 1. HP: 14/14 MP: 1/1
   131 | D:1      | Reached XP level 2. HP: 19/19 MP: 2/2
   145 | D:1      | Found a faded altar of an unknown god.
   178 | D:1      | Prayed at the altar of an unknown god.
   178 | D:1      | Became a worshipper of Cheibriados the Contemplative
   178 | D:1      | Reached * piety under Cheibriados
   721 | D:1      | Reached ** piety under Cheibriados
   743 | D:1      | Reached XP level 3. HP: 23/23 MP: 3/3
  1089 | D:2      | Found a basalt altar of Yredelemnul.
  1494 | D:3      | Identified the +3 leather armour "Ishiri" {rCorr}
  1840 | D:3      | Reached XP level 4. HP: 19/28 MP: 4/4
  1943 | D:3      | Noticed Sigmund
  1958 | D:3      | Killed Sigmund
  1959 | D:3      | Reached XP level 5. HP: 30/33 MP: 1/5
  1959 | D:3      | Reached XP level 6. HP: 34/38 MP: 1/6
  2051 | D:3      | Identified the +1 helmet of Adenuf {Fly rF- rC- Regen+}
  2051 | D:3      | Noticed Robin
  2053 | D:3      | Reached skill level 1 in Dodging
  2063 | D:3      | Reached *** piety under Cheibriados
  2082 | D:3      | Killed Robin
  2594 | D:4      | Reached skill level 1 in Polearms
  2684 | D:4      | Found a basalt altar of Yredelemnul.
  2724 | D:4      | Reached **** piety under Cheibriados
  3046 | D:5      | Entered Level 5 of the Dungeon
  3077 | D:5      | Noticed an orc warrior
  3084 | D:5      | Gained mutation: You are strong-willed. (Will+) [potion of
                  | mutation]
  3084 | D:5      | Gained mutation: You occasionally lose the ability to drink
                  | potions when taking damage. [potion of mutation]
  3084 | D:5      | Lost mutation: You are strong-willed. (Will+) [potion of
                  | mutation]
  3084 | D:5      | Gained mutation: You have a pair of small antennae on your
                  | head. [potion of mutation]
  3213 | D:5      | Killed an orc warrior
  3214 | D:5      | Reached skill level 1 in Stealth
  3214 | D:5      | Reached XP level 7. HP: 4/44 MP: 0/7
  3216 | D:5      | Killed from afar by an orc priest

Illustrated notes

Levels and vault maps discovered:
D:1:      dpeg_arrival_shrine, layout_loops_ring,
          shapermc_ecumenical_altar_venn, nicolae_concentric_dashed_squares_mild
D:2:      layout_loops_ring, basic_altar
D:3:      layout_basic, uniq_sigmund, uniq_robin
D:4:      layout_rooms, nicolae_yredelemnul_corpse_copse, corexii_hall_statues_x
D:5:      layout_basic, minmay_temple_entry_crystal_x

Skill      XL: |  1  2  3  4  5  6 |
---------------+-------------------+-----
Armour         | 4 |  4.5
Maces & Flails | 4 |  4.3
Fighting       | 4 |  4.4
Dodging        | 1 |  1.6
Polearms       | 2 |  2.4
Stealth        | 1 |  1.1
Throwing       | |  0.5
Shields        | |  3.8

Action                     |  1- 3 |  4- 6 |  7- 9 || total
---------------------------+-------+-------+-------++-------
  Melee: Flail             |   133 |    18 |       ||   151
         Halberd           |       |   128 |     3 ||   131
  Throw: Stone             |    17 |     3 |       ||    20
    Use: Potion            |       |     3 |       ||     3
         Scroll            |       |     3 |       ||     3
   Stab: Sleeping          |       |     1 |       ||     1
 Armour: Scale mail        |    81 |       |       ||    81
         Leather armour    |     6 |   122 |     1 ||   129
  Dodge: Dodged            |    68 |   139 |     2 ||   209
  Block: Buckler           |    38 |     9 |       ||    47

Table legend: (Time is in decaauts)
 A = Elapsed time spent in this place.
 B = Non-inter-level travel time spent in this place.
 C = Inter-level travel time spent in this place.
 D = Time resting spent in this place.
 E = Time spent auto-exploring this place.
 F = Levels seen in this place.
 G = Mean time per level.
                   A        B        C        D        E       F      G
               +--------+--------+--------+--------+--------+-----+--------+
         Total |   4620 |   4456 |    164 |     87 |   3147 |   5 |  924.0 |
       Dungeon |   4620 |   4456 |    164 |     87 |   3147 |   5 |  924.0 |
               +--------+--------+--------+--------+--------+-----+--------+

Top non-repeatable levels by time:
     D:3: 1275 daAuts
     D:4: 1195 daAuts
     D:1: 1132 daAuts
     D:2: 900 daAuts
     D:5: 116 daAuts
